 Dungeon Crawl Stone Soup version 0.31-a0-152-g6aa68a64a1 (webtiles) character file.

Game seed: 8261316357394191272

88 qw the Chopper (level 4, 0/28 HPs)
             Began as a Gargoyle Fighter on June 11, 2023.
             Slain by a cerulean imp
             ... wielding a +2 spear
             ... summoned by Natasha
              (1 damage)
             ... on level 3 of the Dungeon.
             The game lasted 00:00:54 (1747 turns).

qw the Chopper (Gargoyle Fighter)                   Turns: 1747, Time: 00:00:55

Health: 0/28       AC: 10    Str: 21    XL:     4   Next: 53%
Magic:  4/4        EV:  9    Int:  9    God:
Gold:   62         SH:  4    Dex:  9    Spells: 3/3 levels left

rFire   . . .        Y - +0 war axe
rCold   . . .        c - +0 buckler
rNeg    + . .        b - +0 scale mail
rPois   inf          (no helmet)
rElec   +            (no cloak)
rCorr   .            (no gloves)
SInv    .            (no boots)
Will    .....        (no amulet) Stlth
                     (no ring)
HPRegen 0.24/turn    (no ring)
MPRegen 0.09/turn

%: no passive effects
@: slowed, very slow
A: sickness immunity, AC +3, negative energy resistance 1, electricity
resistance, torment resistance 1, petrification resistance
a: no special abilities


You were on level 3 of the Dungeon.
You visited 1 branch of the dungeon, and saw 3 of its levels.

You collected 62 gold pieces.


Innate Abilities, Weirdness & Mutations

You are immune to sickness and miasma.
Your stone body is resilient. (AC +3)
You are immune to poison.
You resist negative energy. (rN+)
You are resistant to electric shocks. (rElec)
You are resistant to unholy torment.
You are immune to petrification.


   Skills:
 - Level 3.2 Fighting
 + Level 4.2 Axes
 - Level 3.2 Armour
 - Level 3.2 Shields


You had 3 spell levels left.
You didn't know any spells.
Your spell library was empty.

Inventory:

Hand Weapons
 f - a +0 whip
 Y - a +0 war axe (weapon)
Armour
 b - a +0 scale mail (worn)
 c - a +0 buckler (worn)
 e - a scarf of shadows
Scrolls
 a - a scroll of identify
 i - a scroll of torment {unknown}
Potions
 d - a potion of might
 g - a potion of ambrosia {unknown}
 h - a potion of enlightenment {unknown}
 j - a potion of attraction {unknown}
 k - a potion of cancellation {unknown}
 l - a potion of lignification {unknown}

Dungeon Overview and Level Annotations

Branches:
Dungeon (3/15)

Altars:

Annotations:
D:3 1 runed translucent door, Natasha


Message History

Natasha closely misses you.
You miss Natasha.
Natasha is lightly wounded.
You barely miss the cerulean imp. The cerulean imp closely misses you.
Natasha mewls in sadness.
Natasha claws you.
The cerulean imp hits you but does no damage.
You hit the cerulean imp but do no damage.
You closely miss Natasha. Natasha claws you but does no damage.
The cerulean imp misses you.
You slash the cerulean imp!
The cerulean imp is severely wounded.
You slash Natasha! Natasha barely misses you.
The cerulean imp hits you with a +2 spear.
Natasha stares at you and mumbles some strange words.
You feel yourself slow down.
The cerulean imp hits you with a +2 spear.
You hit the cerulean imp.
The cerulean imp is almost dead.
You barely miss Natasha. Natasha casts a spell at you.
You resist with some effort. You block the cerulean imp's attack.
Natasha drinks a potion.
Natasha is healed!
The cerulean imp hits you but does no damage.
You miss the cerulean imp.
The cerulean imp is almost dead.
You barely miss Natasha. Natasha claws you.
You block the cerulean imp's attack. Natasha closely misses you.
The cerulean imp hits you but does no damage.
You hit the cerulean imp.
The cerulean imp is almost dead.
You hit Natasha.
Natasha mumbles some strange words.
The cerulean imp hits you with a +2 spear.
You block Natasha's attack.
The cerulean imp hits you with a +2 spear.
You die...

#.# # ####.# ...... #.# #.#.....
......### #.######.. .....#
#.....<# #......... #.#.#
##.#...# #........ #...# #..#...
..#....## #..# ##.###.
.##.######## ##.# #.###.
...........# ##h#### #..###
###.######.###55@..##########.###
##..# ##...#.###...............
##.######>.........###########...
...%......####..##.## ####
...###########......#### #
...............####....##########
>...########..#######..........##
....# ##....# #####.####... ....#
#.##.## #)# ##..


You could see Natasha and 2 cerulean imps.

Vanquished Creatures
  4 adders
  2 worms
  A dart slug (D:2)
  4 bats (D:2)
  5 endoplasms
  A giant cockroach (D:2)
  4 goblins
  5 hobgoblins
  A kobold (D:3)
  3 quokkas
  5 ball pythons
  3 frilled lizards (D:2)
  4 rats
42 creatures vanquished.

Notes
Turn   | Place    | Note
-------+----------+-------------------------------------------
     0 | D:1      | qw the Gargoyle Fighter began the quest for the Orb.
     0 | D:1      | Reached XP level 1. HP: 14/14 MP: 1/1
     0 | D:1      | 0 ||| qw: Version: 0.2-a-29-gdad1ea2
     0 | D:1      | 0 ||| qw: Game counter: 4045
     0 | D:1      | 0 ||| qw: Always use a shield: true
     0 | D:1      | 0 ||| qw: God list: Okawaru
     0 | D:1      | 0 ||| qw: Allow faded altars: false
     0 | D:1      | 0 ||| qw: Do Orc after D:15 true
     0 | D:1      | 0 ||| qw: Do second Lair branch before Depths: true
     0 | D:1      | 0 ||| qw: Lair rune preference: random
     0 | D:1      | 0 ||| qw: Plans: Normal, Zot:1-4, Slime:5, God:TSO, Crypt,
                  | Tomb, Abyss, Pan, Hells, Win
     0 | D:1      | 0 ||| PLANNING D:1-11
    32 | D:1      | Reached skill level 2 in Axes
   450 | D:1      | Reached XP level 2. HP: 19/19 MP: 2/2
   462 | D:1      | Found a faded altar of an unknown god.
   765 | D:1      | 765 ||| READING scroll labelled PEVESK VACOKY.
   766 | D:1      | 766 ||| READING scroll labelled NOMMYH DYIF.
   838 | D:2      | Reached skill level 3 in Axes
   838 | D:2      | Reached XP level 3. HP: 23/23 MP: 3/3
  1127 | D:2      | 1127 ||| Stepping ~*~*~tactically~*~*~ (stealth).
  1216 | D:2      | Reached XP level 4. HP: 28/28 MP: 4/4
  1416 | D:2      | 1416 ||| READING scroll labelled MOAMEG FIHIDD.
  1417 | D:2      | 1417 ||| READING scroll labelled UTORUW BIOTRIKH.
  1421 | D:2      | 1421 ||| READING 2 scrolls of identify.
  1421 | D:2      | 1421 ||| IDENTIFYING green potion
  1422 | D:2      | 1422 ||| DROPPING potion of brilliance.
  1456 | D:3      | Found a runed translucent door.
  1478 | D:3      | Noticed a bullfrog
  1479 | D:3      | Reached skill level 4 in Axes
  1529 | D:3      | 1529 ||| Stepping ~*~*~tactically~*~*~ (stealth).
  1532 | D:3      | 1532 ||| Stepping ~*~*~tactically~*~*~ (stealth).
  1533 | D:3      | 1533 ||| Stepping ~*~*~tactically~*~*~ (stealth).
  1553 | D:3      | 1553 ||| Stepping ~*~*~tactically~*~*~ (hiding).
  1725 | D:3      | Noticed Natasha
  1727 | D:3      | 1727 ||| FLEEEEING.
  1728 | D:3      | 1728 ||| FLEEEEING.
  1729 | D:3      | 1729 ||| FLEEEEING.
  1730 | D:3      | 1730 ||| Stepping ~*~*~tactically~*~*~ (hiding).
  1742 | D:3      | HP: 6/28 [Natasha (4)]
  1747 | D:3      | HP: 1/28 [cerulean imp/+2 spear[Natasha] (3)]
  1747 | D:3      | Slain by a cerulean imp

Levels and vault maps discovered:
D:1:      saegor_arrival_simple_d, layout_basic,
          dilly_ecumenical_altar_fadedgnrine
D:2:      layout_rooms, nicolae_the_louvre
D:3:      layout_rooms, ebering_ghost_sewer_d, uniq_natasha

Skill      XL: |  1  2  3  4 |
---------------+-------------+-----
Axes           | 2 3 4 |  4.2
Fighting       | |  3.2
Armour         | |  3.2
Shields        | |  3.2

Action                     |  1- 3 |  4- 6 || total
---------------------------+-------+-------++-------
  Melee: War axe           |    90 |    52 ||   142
    Use: Scroll            |     2 |     3 ||     5
 Armour: Scale mail        |    37 |    28 ||    65
  Dodge: Dodged            |    34 |    21 ||    55
  Block: Buckler           |    17 |    10 ||    27

Table legend:
 A = Non-vault XP
 B = Vault XP
 C = Vault XP percentage of total XP
 D = Non-vault monster count
 E = Vault monster count
 F = Vault count percentage of total count
                 A         B        C        D         E       F
            +---------+---------+-------+---------+---------+-------
      Total |     126 |       0 |   0.0 |      42 |       0 |   0.0
            +---------+---------+-------+---------+---------+-------
        D:1 |      15 |       0 |   0.0 |       9 |       0 |   0.0
        D:2 |      70 |       0 |   0.0 |      24 |       0 |   0.0
        D:3 |      41 |       0 |   0.0 |       9 |       0 |   0.0
            +---------+---------+-------+---------+---------+-------
